 Dungeon Crawl Stone Soup version 0.29-a0-823-gc37b1572da (webtiles) character file.

Game seed: 7036778514876562808

39881 xian the Fighter (level 13, -5/101 HPs)
             Began as a Demonspawn Hedge Wizard on July 7, 2022.
             Was an Initiate of Gozag.
             Slain by a golden dragon simulacrum (50 damage)
             ... in an ice cave on July 8, 2022.
             The game lasted 01:01:16 (14783 turns).

xian the Fighter (Demonspawn Hedge Wizard)         Turns: 14783, Time: 01:01:18

Health: -5/101     AC: 25    Str: 10    XL:     13   Next: 71%
Magic:  12/25      EV: 14    Int: 30    God:    Gozag
Gold:   1290       SH: 17    Dex: 14    Spells: 19/28 levels left

rFire   . . .      SeeInvis +   C - +12 pair of quick blades "Gyre" and "Gimble" {protect}
rCold   . . .      Faith    .   (shield currently unavailable)
rNeg    . . .      Spirit   .   H - +2 acid dragon scales of Lowabby {rCorr Int+4}
rPois   .          Reflect  +   c - +2 helmet
rElec   .          Harm     .   (cloak unavailable)
rCorr   +          Rampage  .   b - +1 pair of gloves "Qateczoc" {Int+6}
Will    .....                   (no boots)
Stlth   +++.......              y - amulet of reflection
HPRegen 1.26/turn               E - ring of wizardry
MPRegen 0.19/turn               w - ring of see invisible

@: gold aura, under a protective aura
A: large bone plates 3, icemail 1, powered by death 1, condensation shield,
weakness stinger 3
a: Renounce Religion, Potion Petition, Call Merchant, Bribe Branch


You were in an ice cave.
You worshipped Gozag.
Gozag was most pleased with you.
You visited 4 branches of the dungeon, and saw 13 of its levels.
You also visited: Bailey and Ice Cave.

You collected 2835 gold pieces.
You spent 1434 gold pieces at shops.
You paid 111 gold pieces to Gozag.

Inventory:

Hand Weapons
 n - a +4 shortbow of flaming
 C - the +12 pair of quick blades "Gyre" and "Gimble" (weapon) {protect}
   (You found it on level 9 of the Dungeon)

   It grants its wielder temporary protection when it strikes (+7 to AC).
Armour
 b - the +1 pair of gloves "Qateczoc" (worn) {Int+6}
   (You acquired it on level 7 of the Dungeon)

   Int:       It affects your intelligence (+6).
 c - a +2 helmet (worn)
 H - the +2 acid dragon scales of Lowabby (worn) {rCorr Int+4}
   (You acquired it on level 7 of the Dungeon)

   Int:       It affects your intelligence (+4).
   rCorr:     It protects you from acid and corrosion.
Jewellery
 f - a ring of flight
 k - a ring of protection from fire
 m - a ring of ice
 q - an amulet of guardian spirit
 w - a ring of see invisible (right hand)
 y - an amulet of reflection (around neck)
 B - a ring of resist corrosion
 E - a ring of wizardry (left hand)
Wands
 u - a wand of mindburst (26)
 z - a wand of charming (8)
 D - a wand of iceblast (35)
 F - a wand of flame (35)
Scrolls
 a - 3 scrolls of teleportation
 j - a scroll of fog
 p - 2 scrolls of enchant weapon
 s - a scroll of blinking
 x - a scroll of enchant armour
 G - 2 scrolls of poison
Potions
 d - a potion of brilliance
 e - 7 potions of curing
 g - a potion of lignification
 h - a potion of magic
 i - 3 potions of haste
 o - 3 potions of attraction
 r - a potion of resistance
 t - 5 potions of heal wounds
 v - 2 potions of flight
 A - a potion of berserk rage
Miscellaneous
 l - a box of beasts


   Skills:
 + Level 9.2 Fighting
 - Level 8.2(8.3) Short Blades
 + Level 1.7(5.4) Long Blades
 + Level 4.4 Armour
 + Level 7.5 Dodging
 + Level 6.0 Stealth
 + Level 8.8 Shields
 + Level 8.0 Spellcasting
 + Level 7.1 Conjurations
 + Level 2.7 Summonings
 + Level 2.7 Translocations
 + Level 5.0 Earth Magic
 + Level 2.6 Evocations


You had 19 spell levels left.
You knew the following spells:

 Your Spells              Type           Power      Damage    Failure   Level
a - Magic Dart            Conj           100%       1d8       1%          1
b - Blink                 Tloc           56%        N/A       1%          2
c - Summon Small Mammal   Summ           100%       N/A       1%          1
d - Call Imp              Summ           28%        N/A       1%          2
e - Stone Arrow           Conj/Erth      96%        3d13      1%          3

Your spell library contained the following spells:

 Spells                   Type           Power      Damage    Failure   Level
 Sandblast                Erth           84%        2d18      1%          1
 Passwall                 Tmut/Erth      22%        N/A       1%          2
 Conjure Flame            Conj/Fire      33%        6-21      1%          3
 Necrotise                Necr           48%        1d6       2%          1
 Slow                     Hex            48%        N/A       2%          1
 Call Canine Familiar     Summ           28%        N/A       2%          3
 Mephitic Cloud           Conj/Pois/Air  26%        N/A       3%          3
 Scorch                   Fire           24%        2d6       4%          2
 Portal Projectile        Hex/Tloc       40%        N/A       4%          3
 Summon Guardian Golem    Hex/Summ       20%        N/A       4%          3
 Flame Wave               Conj/Fire      33%        2d8       6%          4
 Sticky Flame             Conj/Fire      33%        2d5       6%          4
 Ignite Poison            Fire/Tmut/Pois 12%        N/A       9%          3
 Tukima's Dance           Hex            12%        N/A       9%          3
 Vampiric Draining        Necr           12%        2d6       9%          3
 Agony                    Necr           12%        N/A       56%         5
 Blade Hands              Tmut           6%         N/A       56%         5
 Summon Cactus Giant      Summ           14%        N/A       77%         6
 Malign Gateway           Summ/Tloc      14%        N/A       99%         7
 Summon Horrible Things   Summ           14%        N/A       100%        8


Dungeon Overview and Level Annotations

Branches:
Dungeon (9/15)             Temple (1/1) D:6            Lair (0/6) D:8
    Orc (2/2) D:9             Elf (1/3) Orc:2        Bailey (visited)
  IceCv (1/1)

Altars:
Ashenzari
Cheibriados
Dithmenos
Fedhas
Gozag
Hepliaklqana
Kikubaaqudgha
Makhleb
Nemelex Xobeh
Okawaru
Qazlal
Ru
Sif Muna
Trog
Uskayaw
Vehumet
Wu Jian
Xom
Yredelemnul

Shops:
Orc:1 *   Orc:2 !*[:

Portals:
Pandemonium: Orc:2


Innate Abilities, Weirdness & Mutations

You are completely covered in large bone plates. (SH +8)
A meltable icy envelope protects you from harm. (AC +4)
You regenerate a little health from kills.
A meltable shield of frost defends you. (SH +4)
You have a sharp stinger which inflicts weakening toxins.


Message History

The stone arrow misses the ice devil.
You feel stable enough to blink again.
Casting: Stone Arrow (safe; 1% risk of failure)
Confirm with . or Enter, or press ? or * to list all spells.
Aiming: Stone Arrow (safe; 1% risk of failure)
Press: ? - help, Shift-Dir - straight line, f/p - ice devil
Aim: an ice devil (severely wounded, 76% to hit)
The stone arrow hits the golden dragon simulacrum!
The golden dragon simulacrum is heavily damaged.
You block the golden dragon simulacrum's attack. x2
The golden dragon simulacrum tramples you.
You hold your ground!
Casting: Stone Arrow (safe; 1% risk of failure)
Confirm with . or Enter, or press ? or * to list all spells.
Aiming: Stone Arrow (safe; 1% risk of failure)
Press: ? - help, Shift-Dir - straight line, f/p - ice devil
Aim: an ice devil (severely wounded, 76% to hit)
The stone arrow misses the ice devil.
The ice devil barely misses you.
You closely miss the ice devil.
You tail-slap the ice devil, but do no damage.
You hit the ice devil.
Your weapon exudes an aura of protection.
You block the golden dragon simulacrum's attack.
The golden dragon simulacrum claws you but does no damage.
The golden dragon simulacrum tramples you but does no damage.
You barely miss the ice devil. You hit the ice devil but do no damage.
Unknown command.
Unknown command.
You hit the ice devil. x2
You hit the ice devil but do no damage. You hit the ice devil.
You kill the ice devil!
You hit the golden dragon simulacrum but do no damage.
You hit the golden dragon simulacrum.
You hit the golden dragon simulacrum but do no damage.
You puncture the golden dragon simulacrum!
You block the golden dragon simulacrum's attack.
The golden dragon simulacrum claws you.
The golden dragon simulacrum freezes you!!!
You die...
Your body crumbles into a pile of gold.

##...##
##.....##
#...∩...#
#...∩...#
##.....##
##...## #...##
##...# ##.W@#
#.ZZ## ##...##
#.....#
#......$....#
.............#
.............#
..............#
..............#


You could see a freezing wraith, a golden dragon simulacrum and an entropy
weaver simulacrum.

Vanquished Creatures
  Snorg (Orc:1)
  A demonspawn (Orc:2)
  Erica (D:8)
  4 two-headed ogres
  5 orc high priests (Orc:2)
  A deep elf knight (Elf:1)
  A spriggan simulacrum (IceCv)
  5 orc knights
  4 deep elf pyromancers (Elf:1)
  7 deep elf zephyrmancers
  6 orc sorcerers (Orc:2)
  Psyche (D:8)
  2 ice devils
  A freezing wraith (IceCv)
  An air elemental (Elf:1)
  A spriggan (D:9)
  A water elemental (Elf:1)
  3 wyverns
  A fire elemental (Elf:1)
  A chaos spawn (Orc:2)
  11 yaks
  Grum (D:8)
  A neqoxec (Orc:2)
  A basilisk (D:8)
  A minotaur simulacrum (IceCv)
  A warg (Orc:1)
  5 water moccasins
  An ice beast (D:5)
  31 orc warriors
  A sky beast (D:6)
  A black bear (D:6)
  4 ogres
  4 wolves (D:8)
  2 centaurs
  A kobold brigand (D:7)
  Blork the orc (D:6)
  2 bullfrogs
  A necrophage (D:7)
  3 scorpions
  12 killer bees (D:9)
  A howler monkey (D:8)
  2 hounds
  4 jellies
  2 gnoll boudas
  22 orc priests
  3 iguanas
  Natasha (thrice) (D:3)
  10 orc wizards
  A mummy (D:9)
  9 gnolls
  8 adders
  A shadow imp (D:7)
  A white imp (D:5)
  An ufetubus (D:5)
  A dart slug (D:1)
  52 orcs
  3 endoplasms
  4 giant cockroaches
  5 goblins
  8 hobgoblins
  3 jackals (D:3)
  13 kobolds
  2 quokkas
  7 ball pythons
  8 bats
  5 frilled lizards
  4 rats
316 creatures vanquished.

Vanquished Creatures (collateral kills)
  4 wights (D:9)
4 creatures vanquished.

Vanquished Creatures (others)
  5 bushes (D:8)
  2 fungi (D:8)
  19 plants (D:8)
26 creatures vanquished.

Grand Total: 346 creatures vanquished

Notes
Turn   | Place    | Note
-------+----------+-------------------------------------------
     0 | D:1      | xian the Demonspawn Hedge Wizard began the quest for the
                  | Orb.
     0 | D:1      | Reached XP level 1. HP: 13/13 MP: 4/4
   429 | D:1      | Gained mutation: You have a small tail. [demonic ancestry]
   429 | D:1      | Reached XP level 2. HP: 17/19 MP: 0/6
  1216 | D:1      | Gained mutation: You have a tail ending in a sharp stinger.
                  | [demonic ancestry]
  1216 | D:1      | Reached XP level 3. HP: 24/24 MP: 0/8
  1423 | D:2      | Learned a level 2 spell: Blink
  2395 | D:3      | Found a faded altar of an unknown god.
  2404 | D:2      | Reached skill level 1 in Fighting
  2404 | D:2      | Reached skill level 1 in Long Blades
  2404 | D:2      | Reached XP level 4. HP: 14/32 MP: 5/9
  3040 | D:3      | Found a sacrificial altar of Ru.
  3156 | D:3      | Found a shimmering altar of Xom.
  3205 | D:3      | Upgraded the game from 0.29-a0-821-g66395355a5 to
                  | 0.29-a0-823-gc37b1572da
  3294 | D:3      | Noticed Natasha
  3299 | D:3      | Learned a level 1 spell: Summon Small Mammal
  3302 | D:3      | Learned a level 2 spell: Call Imp
  3388 | D:3      | Killed Natasha
  3550 | D:3      | Gained mutation: You are partially covered in large bone
                  | plates. (SH +4) [demonic ancestry]
  3550 | D:3      | Reached XP level 5. HP: 37/37 MP: 2/11
  3825 | D:3      | Noticed Natasha
  3830 | D:3      | Killed Natasha
  3893 | D:3      | You fall into a shaft and drop 2 floors!
  3893 | D:5      | Entered Level 5 of the Dungeon
  3894 | D:5      | Noticed an ogre
  4184 | D:4      | Noticed a yak
  4233 | D:4      | Killed a yak
  4234 | D:4      | Gained mutation: A meltable shield of frost defends you.
                  | (SH +4) [demonic ancestry]
  4234 | D:4      | Reached XP level 6. HP: 33/43 MP: 11/13
  4430 | D:4      | Learned a level 3 spell: Stone Arrow
  4444 | D:4      | Reached skill level 2 in Fighting
  4518 | D:4      | Reached skill level 1 in Short Blades
  4830 | D:3      | Found a blossoming altar of Fedhas.
  4943 | D:3      | Noticed Natasha
  4954 | D:3      | Killed Natasha
  5081 | D:5      | Gained mutation: You have a sharp stinger which inflicts
                  | weakening toxins. [demonic ancestry]
  5081 | D:5      | Reached XP level 7. HP: 50/50 MP: 8/14
  5168 | D:5      | Found a shadowy altar of Dithmenos.
  5172 | D:5      | Reached skill level 5 in Spellcasting
  5778 | D:5      | Reached skill level 1 in Shields
  5778 | D:5      | Reached skill level 1 in Earth Magic
  5999 | D:5      | Found a basalt altar of Yredelemnul.
  6038 | D:5      | Found a hazy altar of Hepliaklqana.
  6140 | D:5      | Gained mutation: A meltable icy envelope protects you from
                  | harm. (AC +4) [demonic ancestry]
  6140 | D:5      | Reached XP level 8. HP: 46/57 MP: 4/16
  6810 | D:6      | Reached skill level 3 in Fighting
  6922 | D:6      | Found a staircase to the Ecumenical Temple.
  6934 | D:6      | Noticed Blork the orc
  6955 | D:6      | Killed Blork the orc
  7207 | D:6      | Reached skill level 5 in Conjurations
  7216 | Temple   | Entered the Ecumenical Temple
  7226 | Temple   | Became a worshipper of Gozag Ym Sagoz the Greedy
  7760 | D:6      | Noticed an angel
  7970 | D:7      | Identified 2 scrolls of acquirement
  7970 | D:7      | Acquired the +2 acid dragon scales of Lowabby {rCorr Int+4}
  7984 | D:7      | Acquired the +1 pair of gloves "Qateczoc" {Int+6}
  8081 | D:7      | Found a flagged portal.
  8099 | Bailey   | Entered a bailey
  8174 | Bailey   | Reached XP level 9. HP: 31/64 MP: 10/18
  8187 | Bailey   | Found a large runed translucent door.
  8187 | Bailey   | Found a large runed translucent door.
  8188 | Bailey   | Noticed a deep elf zephyrmancer
  8188 | Bailey   | Noticed an orc knight
  8307 | Bailey   | Killed an orc knight
  8308 | Bailey   | Reached skill level 1 in Armour
  8633 | Bailey   | Killed a deep elf zephyrmancer
  8955 | D:7      | Reached skill level 4 in Fighting
  9349 | D:7      | Found a broken altar of Ashenzari.
  9618 | D:8      | Noticed Erica
  9631 | D:8      | Killed Erica
  9632 | D:8      | Reached skill level 5 in Short Blades
  9632 | D:8      | Gained mutation: You are mostly covered in large bone
                  | plates. (SH +6) [demonic ancestry]
  9632 | D:8      | Reached XP level 10. HP: 37/72 MP: 7/20
  9635 | D:8      | Noticed Psyche
  9647 | D:8      | Killed Psyche
 10002 | D:8      | Noticed Grum
 10007 | D:8      | Killed Grum
 10093 | D:8      | Noticed a two-headed ogre
 10098 | D:8      | Killed a two-headed ogre
 10099 | D:8      | Reached skill level 1 in Evocations
 10218 | D:8      | Found an ancient bone altar of Kikubaaqudgha.
 10381 | D:8      | Found a staircase to the Lair.
 10900 | D:9      | Found a burning altar of Makhleb.
 10909 | D:9      | Found an iron altar of Okawaru.
 10915 | D:9      | Found a radiant altar of Vehumet.
 11002 | D:9      | Reached skill level 5 in Dodging
 11011 | D:9      | Gained mutation: You are completely covered in large bone
                  | plates. (SH +8) [demonic ancestry]
 11011 | D:9      | Reached XP level 11. HP: 67/78 MP: 22/22
 11269 | D:9      | Found a staircase to the Orcish Mines.
 11483 | D:9      | Noticed a two-headed ogre
 11496 | D:9      | Killed a two-headed ogre
 11508 | D:9      | Reached skill level 5 in Shields
 11537 | D:9      | Noticed a two-headed ogre
 11537 | D:9      | Noticed a two-headed ogre
 11554 | D:9      | Killed a two-headed ogre
 11584 | D:9      | Killed a two-headed ogre
 11585 | D:9      | Reached skill level 5 in Fighting
 11604 | D:9      | Found the +12 pair of quick blades "Gyre" and "Gimble"
                  | {protect}
 11929 | D:9      | Found a snail-covered altar of Cheibriados.
 12166 | Orc:1    | Entered Level 1 of the Orcish Mines
 12341 | Orc:2    | Entered Level 2 of the Orcish Mines
 12358 | Orc:2    | Noticed Snorg
 12370 | Orc:1    | Found Noiraes's Assorted Antiques.
 12385 | Orc:1    | Bought a potion of heal wounds for 150 gold pieces
 12385 | Orc:1    | Bought a scroll of identify for 60 gold pieces
 12385 | Orc:1    | Bought a scroll of identify for 60 gold pieces
 12879 | Orc:1    | Killed Snorg
 12880 | Orc:1    | Reached skill level 1 in Translocations
 13358 | Orc:2    | Found Foujomud's Distillery.
 13360 | Orc:2    | Found Muettatau's General Store.
 13360 | Orc:2    | Noticed an orc knight
 13400 | Orc:2    | Killed an orc knight
 13472 | Orc:2    | Bought a potion of berserk rage for 80 gold pieces
 13472 | Orc:2    | Bought a potion of experience for 800 gold pieces
 13472 | Orc:2    | Bought a scroll of magic mapping for 56 gold pieces
 13472 | Orc:2    | Reached skill level 6 in Fighting
 13472 | Orc:2    | Reached skill level 5 in Earth Magic
 13472 | Orc:2    | Reached XP level 12. HP: 62/88 MP: 22/24
 13475 | Orc:2    | Bought a potion of curing for 36 gold pieces
 13475 | Orc:2    | Bought a potion of curing for 36 gold pieces
 13475 | Orc:2    | Bought a potion of curing for 36 gold pieces
 13475 | Orc:2    | Bought 2 potions of heal wounds for 120 gold pieces
 13596 | Orc:2    | Noticed an orc high priest
 13641 | Orc:2    | Noticed an orc high priest
 13658 | Orc:2    | Killed an orc high priest
 13659 | Orc:2    | Reached skill level 5 in Stealth
 13659 | Orc:2    | Gained mutation: You regenerate a little health from kills.
                  | [demonic ancestry]
 13659 | Orc:2    | Reached XP level 13. HP: 64/94 MP: 25/25
 13677 | Orc:2    | Reached skill level 7 in Fighting
 13799 | Orc:2    | Paralysed by an orc sorcerer for 2 turns
 13849 | Orc:2    | Found Qucigati's Antique Armour Shop.
 13849 | Orc:2    | Found a one-way gate leading to the halls of Pandemonium.
 13849 | Orc:2    | Found Iboluy's Book Boutique.
 13859 | Orc:2    | Reached skill level 8 in Fighting
 13939 | Orc:2    | Found a staircase to the Elven Halls.
 14363 | Elf:1    | Entered Level 1 of the Elven Halls
 14518 | Elf:1    | Reached skill level 9 in Fighting
 14554 | Elf:1    | Found a frozen archway.
 14568 | IceCv    | Entered an ice cave
 14783 | IceCv    | Slain by a golden dragon simulacrum

Illustrated notes

Levels and vault maps discovered:
D:1:      onia_arrival_pyramid, layout_basic
D:2:      layout_loops_ring
D:3:      layout_loops_ring, fedhas_altar_fruit_tree, marbit_many_paths,
          mainiacjoe_overflow_small_starburst, chequers_ecumenical_altar_island,
          nicolae_titane, uniq_natasha
D:4:      layout_rooms, minmay_fractal_squares_gapless_5
D:5:      layout_loops_ring, mainiacjoe_overflow_24_doors,
          kennysheep_little_box, general_overflow_altar,
          mainiacjoe_overflow_alcove_2
D:6:      layout_loops_cross, zin_angel, minmay_temple_entry_glass,
          hangedman_decor_opposing, uniq_blork_the_orc
D:7:      layout_basic, nicolae_overflow_crystal_walls, enter_bailey_2
D:8:      layout_loops_ring, kennysheep_mini_moat, minmay_lair_entry_grove,
          uniq_psyche, uniq_grum, uniq_erica
D:9:      layout_loops_cross, minmay_overflow_temple_star_quad, slow_altar_2,
          david_orc_5, serial_aquarium, aquarium_bridge_straight
          [aquarium_subvault_bridge, aquarium_subvault_wall,
          aquarium_subvault_bridge, aquarium_subvault_window],
          aquarium_window_fake, aquarium_window_fake, aquarium_view_2d,
          hellmonk_guarded_unrand_gyre_and_gimble
Temple:   nicolae_temple_little_seven
Orc:1:    layout_diamond_mine, serial_shops, shop_statue,
          lightli_church_of_beogh
Orc:2:    pf_orc_diabolical, layout_caves, basic_altar, uniq_snorg
Elf:1:    eino_elf_arrival_customs, layout_geoelf_octagon,
          portal_ice_cave_entry_pillars_1, orc_legates
IceCv:    ice_cave_tombish

Skill      XL: |  1  2  3  4  5  6  7  8  9 10 11 12 13 |
---------------+----------------------------------------+-----
Stealth        | 2 3 4 5 6 |  6.0
Fighting       | 1 2 3 4 6 9 |  9.2
Long Blades    | 1 |  1.7
Dodging        | 2 3 4 5 6 7 |  7.5
Conjurations   | 2 3 4 5 6 7 |  7.1
Spellcasting   | 4 5 6 7 8 |  8.0
Short Blades   | 1 2 3 5 6 8 |  8.2
Shields        | 1 3 4 6 7 8 |  8.8
Earth Magic    | 1 2 3 4 5 |  5.0
Armour         | 2 3 4 |  4.4
Evocations     | 1 2 |  2.6
Summonings     | 2 |  2.7
Translocations | 2 |  2.7

Action                   |  1- 3 |  4- 6 |  7- 9 | 10-12 | 13-15 || total
-------------------------+-------+-------+-------+-------+-------++-------
Melee: Dagger            |    26 |    49 |    53 |       |       ||   128
       Scimitar          |    27 |       |       |       |       ||    27
       Punch             |     1 |       |     5 |     6 |       ||    12
       Tailslap          |     1 |     6 |    23 |    89 |    34 ||   153
       Short sword       |       |       |   127 |   291 |       ||   418
       Pair of quick bla |       |       |       |   230 |   181 ||   411
 Cast: Magic Dart        |    82 |    83 |    33 |       |       ||   198
       Blink             |     1 |       |       |     3 |     1 ||     5
       Call Imp          |       |     1 |     3 |     3 |       ||     7
       Stone Arrow       |       |     3 |    58 |    22 |     4 ||    87
       Summon Small Mamm |       |       |     2 |       |       ||     2
Evoke: Wand              |       |       |     5 |    11 |       ||    16
  Use: Scroll            |     3 |     1 |    13 |    10 |     1 ||    28
       Potion            |     2 |     1 |     5 |     4 |     1 ||    13
 Stab: Sleeping          |       |       |     1 |       |       ||     1
       Distracted        |       |       |       |     2 |     1 ||     3
Armor: Robe              |    15 |    11 |    21 |       |       ||    47
       Acid dragon scale |       |       |    22 |    82 |    23 ||   127
Dodge: Dodged            |    81 |    24 |    65 |   126 |    24 ||   320
Block: Other             |       |    11 |    86 |   312 |    43 ||   452
       Reflection        |       |       |     2 |     5 |     3 ||    10

Table legend: (Time is in decaauts)
 A = Elapsed time spent in this place.
 B = Non-inter-level travel time spent in this place.
 C = Inter-level travel time spent in this place.
 D = Time resting spent in this place.
 E = Time spent auto-exploring this place.
 F = Levels seen in this place.
 G = Mean time per level.
                   A        B        C        D        E       F      G
               +--------+--------+--------+--------+--------+-----+--------+
         Total |  14390 |  13939 |    451 |    793 |   9409 |  15 |  959.3 |
       Dungeon |  11371 |  10986 |    385 |    493 |   8185 |   9 | 1263.4 |
        Temple |     20 |     20 |      0 |      0 |      0 |   1 |   20.0 |
  Orcish Mines |   1976 |   1910 |     66 |    125 |    979 |   2 |  988.0 |
   Elven Halls |    162 |    162 |      0 |      0 |      0 |   1 |  162.0 |
        Bailey |    662 |    662 |      0 |    175 |     91 |   1 |  662.0 |
      Ice Cave |    197 |    197 |      0 |      0 |    154 |   1 |  197.0 |
               +--------+--------+--------+--------+--------+-----+--------+

Top non-repeatable levels by time:
     D:5: 1599 daAuts
     D:1: 1566 daAuts
     D:3: 1500 daAuts
     D:9: 1452 daAuts
     D:6: 1283 daAuts
   Orc:2: 1161 daAuts
     D:2: 1124 daAuts
     D:8: 1057 daAuts
     D:7: 908 daAuts
     D:4: 877 daAuts
   Orc:1: 815 daAuts
  Bailey: 662 daAuts
   IceCv: 197 daAuts
   Elf:1: 162 daAuts
  Temple: 20 daAuts
